 Dungeon Sprint DCSS version 0.26-a0-660-gc07710193c (webtiles) character file.

Game seed: 9824797443900952434

248 Conn the Arsonist (level 6, -12/32 HPs)
             Began as a Tengu Fire Elementalist on Oct 8, 2020.
             Was a Believer of Sif Muna.
             Killed from afar by an ogre (44 damage)
             ... with an exploding inner flame
             ... hexed by the player character
             ... in the Dungeon (Sprint VII: "The Pits").
             The game lasted 00:04:01 (302 turns).

Conn the Arsonist (Tengu Fire Elementalist)          Turns: 302, Time: 00:04:02

Health: -12/32     AC:  2    Str:  8    XL:     6   Next: 12%
Magic:  9/15       EV: 15    Int: 18    God:    Sif Muna [**....]
Gold:   0          SH:  0    Dex: 14    Spells: 0/16 levels left

rFire    . . .     SeeInvis .   m - +2 dagger (venom)
rCold    . . .     Faith    .   (no shield)
rNeg     . . .     Spirit   .   a - +0 robe
rPois    .         Reflect  .   (helmet restricted)
rElec    .         Harm     .   (no cloak)
rCorr    .         Rampage  .   (no gloves)
MR       .....     NoTele   +   (boots unavailable)
Stlth    +++.......             (no amulet)
HPRegen  0.10/turn              (no ring)
MPRegen  0.14/turn              (no ring)

@: no status effects
A: beak, talons 3, able to fly
a: Fly, Channel Magic, Renounce Religion


You were in the Dungeon.
You worshipped Sif Muna.
Sif Muna was pleased with you.
You visited 1 branch

Inventory:

Hand Weapons
 b - a +2 dagger
 m - a +2 dagger of venom (weapon)
Armour
 a - a +0 robe (worn)
Scrolls
 h - a scroll of blinking
 j - 3 scrolls of remove curse
 k - 5 scrolls of amnesia
 l - a scroll of summoning
Potions
 c - 6 potions of curing
 d - 6 potions of heal wounds
 e - a potion of haste
 f - 4 potions of magic
 g - 3 potions of berserk rage
 i - a potion of invisibility


   Skills:
 + Level 2.9 Short Blades
 + Level 4.9 Dodging
 + Level 5.1 Stealth
 * Level 5.5 Spellcasting
 * Level 4.5 Conjurations
 + Level 9.0 Fire Magic


You couldn't memorise any spells.
You knew the following spells:

 Your Spells              Type           Power        Failure   Level
a - Foxfire               Conj/Fire      ####         1%          1
b - Conjure Flame         Conj/Fire      ####....     2%          3
c - Inner Flame           Hex/Fire       ###.....     6%          3
d - Sticky Flame          Conj/Fire      ####....     8%          4
e - Fireball              Conj/Fire      ####......   22%         5

Your spell library contained the following spells:

 Spells                   Type           Power        Failure   Level


Dungeon Overview and Level Annotations

Branches:
Dungeon (1/1)

Altars:
Ashenzari
Cheibriados
Dithmenos
Elyvilon
Fedhas
Gozag
Hepliaklqana
Kikubaaqudgha
Makhleb
Nemelex Xobeh
Okawaru
Qazlal
Ru
Sif Muna
Trog
Uskayaw
Vehumet
Wu Jian
Xom
Yredelemnul
Zin
The Shining One
Beogh
Jiyva
Lugonu


Innate Abilities, Weirdness & Mutations

You have a beak for a mouth.
You have claws for feet.
You can fly continuously.


Message History

Unknown command.
Casting: Inner Flame (dangerous; 6% risk of failure)
Confirm with . or Enter, or press ? or * to list all spells.
Okay, then.
Unknown command.
The foxfire hits the ogre.
Flame seeps out of the ogre.
The ogre is moderately wounded.
The ogre is engulfed in blazing flames.
Flame seeps out of the ogre.
An iguana comes into view.
Unknown command.
Casting: Inner Flame (dangerous; 6% risk of failure)
Confirm with . or Enter, or press ? or * to list all spells.
Okay, then.
Unknown command.
Unknown command.
The ogre is engulfed in blazing flames.
The ogre explodes!
The fiery explosion engulfs you!!!
Ouch! That really hurt!
You die...

#.#..#..†'.##.....
#.#..#...#.#####'#
#.#..#####.##.....
#.#..'...#.##.....
#.#..)...'.##.....
#.#..########...<.
#.#..'[).).##.....
#§#..#[))).##.....
#@###########.....
#§§○rh..# ######
#§###l..# #M# .#
#.# #.. #.. #..
####


You could see a warg, a mummy, an iguana and a quokka.

Vanquished Creatures
  2 floating eyes (D)
  A quasit (D)
  An ooze (D)
  An adder skeleton (D)
  An orc (D)
  A bat (D)
  A leopard gecko skeleton (D)
  A rat (D)
9 creatures vanquished.

Vanquished Creatures (others)
  12 foxfires (D)
12 creatures vanquished.

Grand Total: 21 creatures vanquished

Notes
Turn   | Place    | Note
-------+----------+-------------------------------------------
     0 | D        | Conn the Tengu Fire Elementalist began the quest for the
                  | Orb.
     0 | D        | Reached XP level 1. HP: 10/10 MP: 4/4
    24 | D        | Reached skill level 4 in Fire Magic
    68 | D        | Found a bloodstained altar of Trog.
    68 | D        | Found a shimmering blue altar of Sif Muna.
    68 | D        | Found a viscous altar of Jiyva.
    68 | D        | Found a hazy altar of Hepliaklqana.
    68 | D        | Found an opulent altar of Gozag.
    69 | D        | Found a glowing golden altar of the Shining One.
    69 | D        | Found a glowing silver altar of Zin.
    69 | D        | Found a basalt altar of Yredelemnul.
    69 | D        | Found a shimmering altar of Xom.
    69 | D        | Found an ornate altar of the Wu Jian Council.
    69 | D        | Found a sacrificial altar of Ru.
    69 | D        | Found a stormy altar of Qazlal.
    69 | D        | Found an iron altar of Okawaru.
    69 | D        | Found a sparkling altar of Nemelex Xobeh.
    69 | D        | Found a burning altar of Makhleb.
    69 | D        | Found a blossoming altar of Fedhas.
    69 | D        | Found a white marble altar of Elyvilon.
    69 | D        | Found a shadowy altar of Dithmenos.
    69 | D        | Found a snail-covered altar of Cheibriados.
    71 | D        | Found a corrupted altar of Lugonu.
    71 | D        | Found a radiant altar of Vehumet.
    71 | D        | Found a roughly hewn altar of Beogh.
    72 | D        | Found an ancient bone altar of Kikubaaqudgha.
    72 | D        | Found a hide-covered altar of Uskayaw.
    72 | D        | Found a broken altar of Ashenzari.
    81 | D        | Became a worshipper of Sif Muna the Loreminder
    93 | D        | Reached XP level 2. HP: 13/15 MP: 4/6
   154 | D        | Noticed a floating eye
   160 | D        | Killed a floating eye
   160 | D        | Reached * piety under Sif Muna
   160 | D        | Reached skill level 1 in Short Blades
   160 | D        | Reached skill level 7 in Fire Magic
   160 | D        | Reached XP level 3. HP: 19/19 MP: 6/9
   160 | D        | Reached XP level 4. HP: 24/24 MP: 7/11
   167 | D        | Learned a level 3 spell: Conjure Flame
   171 | D        | Learned a level 3 spell: Inner Flame
   176 | D        | Learned a level 4 spell: Sticky Flame
   195 | D        | Noticed a floating eye
   201 | D        | Paralysed by a floating eye for 4 turns
   208 | D        | Reached ** piety under Sif Muna
   213 | D        | Killed a floating eye
   213 | D        | Reached skill level 5 in Stealth
   213 | D        | Reached skill level 5 in Spellcasting
   213 | D        | Reached skill level 8 in Fire Magic
   213 | D        | Gained mutation: You can fly continuously. [Tengu growth]
   213 | D        | Reached XP level 5. HP: 23/28 MP: 10/13
   218 | D        | Reached skill level 9 in Fire Magic
   218 | D        | Reached XP level 6. HP: 27/32 MP: 10/15
   293 | D        | Learned a level 5 spell: Fireball
   297 | D        | Noticed a warg
   302 | D        | Killed from afar by an ogre

Illustrated notes

Levels and vault maps discovered:
D:        pitsprint [storerooms_1, entrance_room_1, metal_vault_2, armoury_3,
          mini_pit_1, grid_room_1, main_hall_1, silver_pit, the_coven_3,
          the_vestibule_1, steel_vault_5, golden_pit, hallway_of_sentries,
          crystal_vault_3, iron_vault_1, final_vault]

Skill      XL: |  1  2  3  4  5 |
---------------+----------------+-----
Fire Magic     | 4 7 8 9 |  9.0
Short Blades   | 1 2 |  2.9
Dodging        | 4 |  4.9
Stealth        | 4 5 |  5.1
Spellcasting   | 4 5 |  5.5
Conjurations   | 2 4 |  4.5

Action                   |  1- 3 |  4- 6 || total
-------------------------+-------+-------++-------
Melee: Dagger            |     9 |    10 ||    19
       Kick              |     4 |     2 ||     6
       Unarmed           |     1 |       ||     1
       Peck              |     2 |     3 ||     5
 Cast: Foxfire           |     5 |     2 ||     7
       Conjure Flame     |       |     1 ||     1
       Inner Flame       |       |     1 ||     1
  Use: Potion            |       |     1 ||     1
 Stab: Sleeping          |     1 |     2 ||     3
       Invisible         |       |     1 ||     1
Armor: Robe              |     1 |     1 ||     2
Dodge: Dodged            |     3 |     2 ||     5

Table legend: (Time is in decaauts)
 A = Elapsed time spent in this place.
 B = Non-inter-level travel time spent in this place.
 C = Inter-level travel time spent in this place.
 D = Time resting spent in this place.
 E = Time spent auto-exploring this place.
 F = Levels seen in this place.
 G = Mean time per level.
                   A        B        C        D        E       F      G
               +--------+--------+--------+--------+--------+-----+--------+
         Total |    299 |    299 |      0 |     86 |      0 |   1 |  299.0 |
       Dungeon |    299 |    299 |      0 |     86 |      0 |   1 |  299.0 |
               +--------+--------+--------+--------+--------+-----+--------+

Top non-repeatable levels by time:
       D: 299 daAuts
